 Dungeon Crawl Stone Soup version 0.20.1-1-g8b1a95d (webtiles) character file.

103 manon the Chopper (level 4, -3/52 HPs)
             Began as a Demonspawn Berserker on Sept 23, 2017.
             Was a Believer of Trog.
             Killed by nerve-wracking pain
             ... invoked by an orc priest
              (8 damage)
             ... on level 3 of the Dungeon.
             The game lasted 00:05:23 (1664 turns).

manon the Chopper (Demonspawn Berserker)            Turns: 1664, Time: 00:05:26

Health: -3/52      AC:  8    Str: 23    XL:     4   Next: 51%
Magic:  4/4        EV: 10    Int:  9    God:    Trog [**....]
Gold:   84         SH:  0    Dex: 12    Spells: 3/3 levels left

rFire    . . .     SeeInvis .   a - +0 hand axe
rCold    . . .     Gourm    .   (no shield)
rNeg     . . .     Faith    .   s - +0 scale mail
rPois    .         Spirit   .   (no helmet)
rElec    .         Reflect  .   (no cloak)
rCorr    .         Harm     .   (no gloves)
MR       .....                  (no boots)
Stlth    ..........             (no amulet)
Regen    0.2/turn               (no ring)
MPRegen  0.1/turn               (no ring)

@: berserking, very quick
A: molten scales 1
a: Berserk, Trog's Hand, Burn Spellbooks, Renounce Religion


You were on level 3 of the Dungeon.
You worshipped Trog.
Trog was pleased with you.
You were near starving.

You visited 1 branch of the dungeon, and saw 3 of its levels.

You collected 84 gold pieces.

Inventory:

Hand Weapons
 a - a +0 hand axe (weapon)
 o - a +0 spear
Missiles
 d - 59 bolts
 j - 4 javelins (quivered)
 q - 43 arrows
 t - 8 poisoned needles
Armour
 b - a +0 animal skin
 f - a +0 leather armour
 l - a +0 plate armour
 r - a +1 ring mail of cold resistance
 s - a +0 scale mail (worn)
Jewellery
 u - an uncursed ring of resist corrosion {unknown}
Scrolls
 g - a scroll of remove curse {unknown}
 h - a scroll of immolation {unknown}
 i - a scroll of fear {unknown}
 m - 2 scrolls of identify {unknown}
 p - a scroll of fog {unknown}
 v - a scroll of blinking {unknown}
Potions
 e - 3 potions of heal wounds {unknown}
 n - a potion of magic {unknown}
Comestibles
 c - 4 bread rations
 k - 2 meat rations


   Skills:
 - Level 3.0 Fighting
 * Level 4.1 Axes
 + Level 3.1 Armour
 - Level 1.7 Dodging


You had 3 spell levels left.
You didn't know any spells.

Dungeon Overview and Level Annotations

Branches:
Dungeon (3/15)

Altars:
Ashenzari
Sif Muna


Innate Abilities, Weirdness & Mutations

You are partially covered in molten scales. (AC +2)


Message History

You feel yourself moving faster!
You feel mighty!
You are near starving!
The orc priest calls down the wrath of Beogh upon you.
Beogh smites you!
* * * LOW HITPOINT WARNING * * *
The orc hits you but does no damage.
You barely miss the orc priest.
The orc priest is severely wounded.
You hit the orc.
You kill the orc!
Trog accepts your kill.
The orc priest hits you but does no damage.
You hit the orc priest.
You kill the orc priest!
Trog accepts your kill.
Your Axes skill increases to level 4!
Your Armour skill increases to level 3!
You closely miss the orc priest.
The orc priest invokes the aid of Beogh against you.
Pain shoots through your body!
You die...

..##.# #. ##.###.#
..##.# .## #...##.#
..# ... ..#
##...##.# .## #..#
..## #....##.# ##
#..# #..
.....#.††..## #
#..# #.#
####.#....... #
#..#
##.###.....#....###
######..#
#†)oo...#######.#
........# #.@# ..#
........#######..#
####
######...........#
##.########.# #...
..# ##### ###


You could see an orc priest and an orc wizard.

Vanquished Creatures
  An orc priest (D:3)
  An adder (D:2)
  An ooze (D:2)
  2 worms (D:3)
  A dart slug (D:1)
  A leopard gecko (D:3)
  2 orcs (D:3)
  4 giant cockroaches
  8 goblins
  5 hobgoblins
  5 kobolds
  A quokka (D:3)
  8 bats
  5 frilled lizards
  2 rats
47 creatures vanquished.

Notes
Turn   | Place    | Note
-------+----------+-------------------------------------------
     0 | D:1      | manon the Demonspawn Berserker began the quest for the Orb.
     0 | D:1      | Reached XP level 1. HP: 18/18 MP: 1/1
   395 | D:1      | Gained mutation: You are partially covered in molten scales. (AC +2) [demonic ancestry]
   395 | D:1      | Reached XP level 2. HP: 14/24 MP: 2/2
   403 | D:1      | Reached skill level 3 in Axes
   780 | D:2      | Reached XP level 3. HP: 29/29 MP: 3/3
   802 | D:2      | Found a shattered altar of Ashenzari.
  1117 | D:2      | Found a deep blue altar of Sif Muna.
  1122 | D:2      | Reached ** piety under Trog
  1587 | D:3      | Reached XP level 4. HP: 33/35 MP: 4/4
  1664 | D:3      | Reached skill level 4 in Axes
  1664 | D:3      | Killed from afar by an orc priest

Skill      XL: |  1  2  3  4 |
---------------+-------------+-----
Armour         | 2 3 |  3.1
Axes           | 3 4 |  4.1
Fighting       | |  3.0
Dodging        | |  1.7

Action                   |  1- 3 |  4- 6 || total
-------------------------+-------+-------++-------
Melee: Hand axe          |   144 |    14 ||   158
Throw: Javelin           |    10 |       ||    10
Invok: Berserk           |       |     1 ||     1
 Stab: Sleeping          |     1 |       ||     1
  Eat: Chunk             |     2 |       ||     2
Armor: Animal skin       |     8 |       ||     8
       Leather armour    |    22 |       ||    22
       Scale mail        |    19 |    12 ||    31
Dodge: Dodged            |   101 |    11 ||   112
